 Dungeon Crawl Stone Soup version 0.30-a0-782-ge64f9170bb (webtiles) character file.

Game seed: 13926259302507040591

1 KIGON the Grasshopper (level 1, 0/10 HPs)
             Began as a Spriggan Warper on Feb 24, 2023.
             Slain by a jackal (3 damage)
             ... on level 1 of the Dungeon.
             The game lasted 00:03:50 (216 turns).

KIGON the Grasshopper (Spriggan Warper)              Turns: 216, Time: 00:03:51

Health: 0/10       AC:  2    Str:  7    XL:     1   Next: 16%
Magic:  5/5        EV: 17    Int: 14    God:
Gold:   21         SH:  0    Dex: 14    Spells: 5/5 levels left

rFire   . . .      SeeInvis +    a - +0 short sword
rCold   . . .      Faith    .    (no shield)
rNeg    . . .      Spirit   .    b - +0 robe
rPois   .          Reflect  .    (helmet restricted)
rElec   .          Harm     .    (no cloak)
rCorr   .          Rampage  .    (gloves unavailable)
Will    .....                    (boots unavailable)
Stlth   +                        (no amulet)
HPRegen 0.21/turn                (no ring)
MPRegen 0.09/turn                (no ring)

@: very quick
A: very small, no large weapons, unfitting armour, see invisible, speed 3
a: no special abilities


You were on level 1 of the Dungeon.
You visited 1 branch of the dungeon, and saw 1 of its levels.

You collected 21 gold pieces.

Inventory:

Hand Weapons
 a - a +0 short sword (weapon)
Missiles
 d - 7 boomerangs of dispersal (quivered)
Armour
 b - a +0 robe (worn)
 f - a +0 robe
Scrolls
 c - a scroll of blinking
 e - a scroll of identify {unknown}


   Skills:
 + Level 1.5 Fighting
 + Level 2.1 Short Blades
 + Level 1.0 Throwing
 + Level 3.2 Dodging
 + Level 2.6 Spellcasting
 + Level 4.4 Translocations


You had 5 spell levels left.
You didn't know any spells.
Your spell library contained the following spells:

 Spells                   Type           Power      Damage    Failure   Level
 Blink                    Tloc           28%        N/A       5%          2
 Lesser Beckoning         Tloc           28%        N/A       5%          2
 Teleport Other           Tloc           14%        N/A       11%         3
 Vhi's Electric Charge    Tloc/Air       16%        N/A       26%         3
 Manifold Assault         Tloc           14%        N/A       34%         4


Dungeon Overview and Level Annotations

Branches:
Dungeon (1/15)

Altars:


Innate Abilities, Weirdness & Mutations

You are very small and have problems with some larger weapons.
You are too small for most types of armour.
You have supernaturally acute eyesight. (SInv)
You cover ground extremely quickly. (Speed+++)


Message History

f - a +0 robe
Found 5 stones.
There is a faded altar of an unknown god here.
There are no items here.
Unknown command.
Press < or > to pray at altars.
There is a faded altar of an unknown god here.
This altar belongs to (a) Nemelex Xobeh, (b) Lugonu or (c) Vehumet, but you can't tell which.
Press the corresponding letter to learn more about a god, or press enter to convert or escape to cancel.
Okay, then.
This altar belongs to (a) Nemelex Xobeh, (b) Lugonu or (c) Vehumet, but you can't tell which.
Press the corresponding letter to learn more about a god, or press enter to convert or escape to cancel.
Okay, then.
Sorry, I don't know how to traverse that place.
You pick your way through the web.
There is a web here.
You are caught in the web!
There is a web here.
You struggle to detach yourself from the web.
You disentangle yourself.
You pick your way through the web.
There is a web here.
Unknown command.
Unknown command.
Sorry, I don't know how to traverse that place.
You are caught in the web!
There is a web here.
You disentangle yourself.
Unknown command.
There is a faded altar of an unknown god here.
Found a glowing gilded ring.
A jackal comes into view.
The jackal barks!
You hear a bark!
A jackal comes into view. 2 jackals come into view.
Found a ring mail.
The jackal barks!
You barely miss the jackal. The jackal bites you.
You hit the jackal but do no damage. The jackal bites you. x2
* * * LOW HITPOINT WARNING * * *
The jackal bites you.
You die...

#.# .........# #.#
.........# #.#
.....[...# ##.######
.........# ##........
.........######.........
......h.. #.....#.......
......hh###.#####.##....
......h@...######.######
#...########8^..#.#..^8#
# ###.##_##.###
#...........#
#^#.(.....#^#
#.^.......^.#
####.....#### #######


You could see 4 jackals.

Vanquished Creatures
  A ball python (D:1)
  A goblin (D:1)
2 creatures vanquished.

Notes
Turn   | Place    | Note
-------+----------+-------------------------------------------
     0 | D:1      | KIGON the Spriggan Warper began the quest for the Orb.
     0 | D:1      | Reached XP level 1. HP: 10/10 MP: 5/5
   138 | D:1      | Found a faded altar of an unknown god.
   216 | D:1      | Slain by a jackal

Illustrated notes

Levels and vault maps discovered:
D:1:      giann_bridges, layout_rooms, shapermc_ecumenical_altar_mp_highgroup

Action                     || total
---------------------------++-------
  Melee: Short sword       ||     7
  Dodge: Dodged            ||     7

Table legend: (Time is in decaauts)
 A = Elapsed time spent in this place.
 B = Non-inter-level travel time spent in this place.
 C = Inter-level travel time spent in this place.
 D = Time resting spent in this place.
 E = Time spent auto-exploring this place.
 F = Levels seen in this place.
 G = Mean time per level.
                   A        B        C        D        E       F      G
               +--------+--------+--------+--------+--------+-----+--------+
         Total |    138 |     33 |    105 |      0 |      0 |   1 |  138.0 |
       Dungeon |    138 |     33 |    105 |      0 |      0 |   1 |  138.0 |
               +--------+--------+--------+--------+--------+-----+--------+

Top non-repeatable levels by time:
     D:1: 138 daAuts
